 Dungeon Crawl Stone Soup version 0.30-a0-782-ge64f9170bb (webtiles) character file.

Game seed: 11607608017544652580

1701 shadizar the Trooper (level 9, -8/57 HPs)
             Began as a Gargoyle Fighter on Mar 18, 2023.
             Was an Initiate of Okawaru.
             Mangled by a two-headed ogre
             ... wielding a +0 giant club
              (18 damage)
             ... on level 6 of the Dungeon.
             The game lasted 00:12:08 (6051 turns).

shadizar the Trooper (Gargoyle Fighter)             Turns: 6051, Time: 00:12:08

Health: -8/57      AC: 21    Str: 27    XL:     9   Next: 3%
Magic:  3/3        EV:  9    Int:  9    God:    Okawaru [......]
Gold:   395        SH:  9    Dex:  9    Spells: 8/8 levels left

rFire   . . .      SeeInvis +    k - +7 hand axe "Milocw" {antimagic, Str+3 SInv}
rCold   . . .      Faith    .    b - +0 kite shield
rNeg    + . .      Spirit   .    C - +4 scale mail {rPois}
rPois   ∞          Reflect  .    (no helmet)
rElec   +          Harm     .    m - +0 cloak
rCorr   .          Rampage  .    w - +1 pair of gloves
Will    +....                    (no boots) Stlth
                                 (no amulet)
HPRegen 0.29/turn                h - ring of willpower
MPRegen 0.08/turn                (no ring)

@: about to teleport, invisible (expiring)
A: sickness immunity, AC +6, negative energy resistance 1, electricity
resistance, torment resistance 1, petrification resistance
a: Renounce Religion


You were on level 6 of the Dungeon.
You worshipped Okawaru.
Okawaru was noncommittal.
You visited 2 branches of the dungeon, and saw 8 of its levels.

You collected 395 gold pieces.

Inventory:

Hand Weapons
 a - a +0 flail
 i - a +3 falchion
 j - a +2 long sword
 k - the +7 hand axe "Milocw" (weapon) {antimagic, Str+3 SInv}
   (You found it on level 7 of the Dungeon)

   Str:       It affects your strength (+3).
   SInv:      It lets you see invisible.
 t - a +0 war axe of protection
Armour
 b - a +0 kite shield (worn)
 m - a +0 cloak (worn)
 w - a +1 pair of gloves (worn)
 C - a +4 scale mail of poison resistance (worn)
Jewellery
 h - a ring of willpower (left hand)
 y - a ring of magical power
Wands
 g - a wand of mindburst (18)
 A - a wand of charming (8)
 B - a wand of digging (5)
 D - a wand of roots (16)
Scrolls
 e - 12 scrolls of identify
 n - 3 scrolls of magic mapping {unknown}
 r - 3 scrolls of enchant armour
Potions
 c - a potion of brilliance {unknown}
 d - 4 potions of might
 f - 3 potions of invisibility
 l - 3 potions of curing
 o - a potion of flight
 p - a potion of mutation {unknown}
 x - a potion of haste
 z - a potion of lignification


   Skills:
 * Level 7.6 Fighting
 + Level 1.0(3.0) Axes
 - Level 5.1(5.2) Maces & Flails
 + Level 6.3 Armour
 + Level 2.6 Dodging
 + Level 6.3 Shields


You had 8 spell levels left.
You didn't know any spells.
Your spell library contained the following spells:

 Spells                   Type           Power      Damage    Failure   Level
 Beastly Appendage        Tmut           0%         N/A       92%         1
 Shock                    Conj/Air       0%         1d3       92%         1
 Scorch                   Fire           0%         2d5       98%         2
 Wereblood                Tmut           0%         N/A       98%         2
 Dazzling Flash           Conj/Hex       0%         N/A       100%        3
 Spider Form              Tmut/Pois      0%         N/A       100%        3
 Swiftness                Air            0%         N/A       100%        3
 Vhi's Electric Charge    Tloc/Air       0%         N/A       100%        3
 Airstrike                Air            0%         2d(0-16)  100%        4
 Flame Wave               Conj/Fire      0%         2d4       100%        4
 Agony                    Necr           0%         N/A       100%        5
 Arcjolt                  Conj/Air       0%         1d10      100%        5
 Silence                  Hex/Air        0%         N/A       100%        5
 Maxwell's Capacitive Co  Air            0%         ∞         100%        8
 Summon Cactus Giant      Summ           Unusable   N/A       N/A         6

Dungeon Overview and Level Annotations

Branches:
Dungeon (7/15)             Temple (1/1) D:4

Altars:
Ashenzari
Dithmenos
Elyvilon
Gozag
Hepliaklqana
Kikubaaqudgha
Makhleb
Okawaru
Qazlal
Ru
Sif Muna
Trog
Uskayaw
Vehumet
Wu Jian
Yredelemnul
Zin
The Shining One

Shops:
D:2 !   D:5 *

Annotations:
D:3 3 runed translucent doors, Rueben's ghost, amateur GnWn; bohran's ghost, amateur GrGl; emiel's ghost, amateur TeEE
D:4 1 transporter


Innate Abilities, Weirdness & Mutations

You are immune to sickness and miasma.
Your stone body is resilient. (AC +6)
You are immune to poison.
You resist negative energy. (rN+)
You are resistant to electric shocks. (rElec)
You are resistant to unholy torment.
You are immune to petrification.


Message History

Done exploring.
(D) Dungeon (T) Temple
Where to? (Enter - D:6, ? - help)
What level of the Dungeon? (default 1, ? - help)
There is a stone staircase leading up here.
You climb upwards.
The two-headed ogre hits you with a +0 giant club.
You block the two-headed ogre's attack.
There is a stone staircase leading down here.
Okay, then.
You closely miss the two-headed ogre. The two-headed ogre barely misses you.
You block the two-headed ogre's attack.
You slash the two-headed ogre!
The two-headed ogre is lightly wounded.
The two-headed ogre barely misses you.
The two-headed ogre hits you with a +0 giant club!
You hit the two-headed ogre.
The two-headed ogre is lightly wounded.
The two-headed ogre closely misses you. You block the two-headed ogre's attack.
You hit the two-headed ogre.
The two-headed ogre is moderately wounded.
The two-headed ogre hits you with a +0 giant club!
The two-headed ogre hits you but does no damage.
You slash the two-headed ogre!
The two-headed ogre is heavily wounded.
The two-headed ogre hits you with a +0 giant club.
You block the two-headed ogre's attack.
You hit the two-headed ogre but do no damage.
The two-headed ogre is heavily wounded.
The two-headed ogre hits you with a +0 giant club.
* * * LOW HITPOINT WARNING * * *
The two-headed ogre hits you with a +0 giant club!
* * * LOW HITPOINT WARNING * * *
You fade into invisibility!
The two-headed ogre barely misses you. You block the two-headed ogre's attack.
You flicker for a moment.
As you read the scroll of teleportation, it crumbles to dust.
You feel strangely unstable.
The two-headed ogre hits you with a +0 giant club!!
You die...

.......###.#####.. #....
.............[.....#
##.#.# #
.####+###.######.#.#
#....# # .# #.########.#
#....# # # ?#
#..........####....#.# #
. #....####.....#.†....#
# #....+............##.#
## #....####.........#
###.
#......O@.....#..#####...
###......[....#....##....
###.........#.>..'..#..
#.........#....####..
#.........#....# #..
+.........###### #..
#..............# #..
#########......# #..
#......# #..


You could see a two-headed ogre (unable to see you).

Vanquished Creatures
  Duvessa (D:4)
  2 water moccasins (D:7)
  2 black bears (D:5)
  2 ice beasts (D:7)
  Blork the orc (D:5)
  A bullfrog (D:6)
  3 scorpions
  3 wights (D:7)
  Dowan (D:4)
  A jelly (D:5)
  2 hounds
  Ijyb (D:4)
  Natasha (thrice) (D:2)
  3 iguanas
  3 orc wizards
  3 gnolls (D:2)
  3 adders
  A shadow imp (D:7)
  A white imp (D:5)
  An ufetubus (D:7)
  A worm (D:2)
  4 dart slugs
  12 orcs
  5 ball pythons
  5 endoplasms
  3 giant cockroaches
  6 goblins
  7 hobgoblins
  3 jackals (D:4)
  5 kobolds
  4 quokkas (D:1)
  9 bats
  5 frilled lizards
  7 rats
114 creatures vanquished.

Notes
Turn   | Place    | Note
-------+----------+-------------------------------------------
     0 | D:1      | shadizar the Gargoyle Fighter began the quest for the Orb.
     0 | D:1      | Reached XP level 1. HP: 14/14 MP: 1/1
   179 | D:1      | Reached XP level 2. HP: 19/19 MP: 2/2
   682 | D:1      | Reached XP level 3. HP: 23/23 MP: 3/3
  1219 | D:2      | Found Reuhoich's Distillery.
  1316 | D:2      | Reached XP level 4. HP: 26/29 MP: 4/4
  1357 | D:2      | Noticed Natasha
  1441 | D:2      | Killed Natasha
  1442 | D:2      | Reached skill level 4 in Fighting
  1494 | D:2      | Noticed Natasha
  1505 | D:2      | Killed Natasha
  1506 | D:2      | Reached XP level 5. HP: 29/33 MP: 5/5
  1579 | D:2      | Found a faded altar of an unknown god.
  1612 | D:2      | Noticed Natasha
  1635 | D:2      | Killed Natasha
  2206 | D:3      | Found a runed translucent gate.
  2206 | D:3      | Found a runed translucent gate.
  2207 | D:3      | Found a runed translucent gate.
  2240 | D:3      | Noticed Rueben's ghost (amateur GnWn)
  2240 | D:3      | Noticed bohran's ghost (amateur GrGl)
  2240 | D:3      | Noticed emiel's ghost (amateur TeEE)
  2763 | D:4      | Found a basalt altar of Yredelemnul.
  2770 | D:4      | Found a transporter.
  2774 | D:4      | Found a transporter.
  3058 | D:4      | Found a staircase to the Ecumenical Temple.
  3159 | D:4      | Reached XP level 6. HP: 37/39 MP: 6/6
  3171 | D:4      | Noticed Ijyb
  3188 | D:4      | Killed Ijyb
  3198 | D:4      | Noticed Dowan
  3200 | D:4      | Noticed Duvessa
  3236 | Temple   | Entered the Ecumenical Temple
  3638 | D:4      | Killed Duvessa
  3748 | D:4      | Killed Dowan
  3749 | D:4      | Reached skill level 5 in Fighting
  3749 | D:4      | Reached skill level 5 in Armour
  3749 | D:4      | Reached skill level 5 in Shields
  3749 | D:4      | Reached XP level 7. HP: 44/44 MP: 7/7
  4026 | D:5      | Entered Level 5 of the Dungeon
  4058 | D:5      | Found Ywelic's General Store.
  4168 | D:5      | Found a sacrificial altar of Ru.
  4169 | D:5      | Found a glowing golden altar of the Shining One.
  4181 | D:5      | Noticed Blork the orc
  4199 | D:5      | Killed Blork the orc
  4275 | D:5      | Reached skill level 1 in Dodging
  4384 | D:5      | Reached skill level 6 in Fighting
  4384 | D:5      | Reached XP level 8. HP: 50/51 MP: 8/8
  4826 | D:5      | Found a hide-covered altar of Uskayaw.
  5268 | D:6      | Noticed a two-headed ogre
  5324 | D:7      | Found an iron altar of Okawaru.
  5352 | D:7      | Reached skill level 7 in Fighting
  5352 | D:7      | Reached skill level 5 in Maces & Flails
  5414 | D:7      | Identified the +7 hand axe "Milocw" {antimagic, Str+3 SInv}
  5444 | D:7      | Became a worshipper of Warmaster Okawaru
  5790 | D:7      | Reached skill level 1 in Axes
  5790 | D:7      | Reached XP level 9. HP: 46/57 MP: 3/9
  6020 | D:6      | HP: 2/57 [two-headed ogre/+0 giant club (14)]
  6051 | D:6      | Mangled by a two-headed ogre

Illustrated notes

Levels and vault maps discovered:
D:1:      giann_forest_graveyard, layout_loops_ring, nicolae_eternal_life
D:2:      layout_loops_cross, serial_shops, nicolae_shop_stone,
          chequers_ecumenical_altar_twisty, minmay_domino_2, uniq_natasha
D:3:      layout_basic, gammafunk_ghost_cemetery, minmay_quantized
D:4:      gammafunk_wand_slinger, layout_rooms, kennysheep_mini_moat,
          minmay_temple_entry_arrows, wad_floor_pattern_untrapped, uniq_ijyb,
          uniq_duvessa
D:5:      layout_basic, kennysheep_little_box, nicolae_overflow_squiral,
          serial_shops, nicolae_inconvenience_store, uniq_blork_the_orc
D:6:      layout_basic
D:7:      layout_loops_cross, okawaru_ov_weapons_minmay
Temple:   compressed_dpeg_triangle_lava_temple

Skill      XL: |  1  2  3  4  5  6  7  8 |
---------------+-------------------------+-----
Shields        | 4 5 6 |  6.3
Fighting       | 4 5 6 7 |  7.6
Armour         | 4 5 6 |  6.3
Maces & Flails | 3 4 5 |  5.1
Dodging        | 1 2 |  2.6
Axes           | 1 |  1.0

Action                     |  1- 3 |  4- 6 |  7- 9 || total
---------------------------+-------+-------+-------++-------
  Melee: Flail             |   127 |   197 |   164 ||   488
         Hand axe          |       |       |    30 ||    30
    Use: Scroll            |       |       |    18 ||    18
         Potion            |       |       |     1 ||     1
 Armour: Scale mail        |    47 |       |   147 ||   194
         Chain mail        |    38 |   162 |       ||   200
  Dodge: Dodged            |    62 |    89 |    82 ||   233
  Block: Buckler           |    31 |    58 |    29 ||   118
         Kite shield       |       |       |    55 ||    55

Table legend: (Time is in decaauts)
 A = Elapsed time spent in this place.
 B = Non-inter-level travel time spent in this place.
 C = Inter-level travel time spent in this place.
 D = Time resting spent in this place.
 E = Time spent auto-exploring this place.
 F = Levels seen in this place.
 G = Mean time per level.
                   A        B        C        D        E       F      G
               +--------+--------+--------+--------+--------+-----+--------+
         Total |   6219 |   6025 |    194 |      0 |   4058 |   8 |  777.4 |
       Dungeon |   5746 |   5552 |    194 |      0 |   3807 |   7 |  820.9 |
        Temple |    473 |    473 |      0 |      0 |    251 |   1 |  473.0 |
               +--------+--------+--------+--------+--------+-----+--------+

Top non-repeatable levels by time:
     D:5: 1025 daAuts
     D:2: 954 daAuts
     D:1: 949 daAuts
     D:3: 914 daAuts
     D:4: 852 daAuts
     D:7: 752 daAuts
  Temple: 473 daAuts
     D:6: 297 daAuts
